 Dungeon Crawl Stone Soup version 0.22.1-1-ga44c0e5 (webtiles) character file.

2028 amgonnakillyou the Charmwright (level 9, -18/74 HPs)
             Began as a Grey Draconian Skald on Sept 23, 2018.
             Was an Initiate of Qazlal.
             Demolished by an orc warrior
             ... wielding a +2 halberd of venom
              (27 damage)
             ... on level 7 of the Dungeon on Sept 24, 2018.
             The game lasted 02:32:56 (8671 turns).

amgonnakillyou the Charmwright (DrSk)               Turns: 8671, Time: 02:32:57

Health: -18/74     AC: 12    Str: 16    XL:     9   Next: 3%
Magic:  1/14       EV: 14    Int: 14    God:    Qazlal [......]
Gold:   431        SH:  2    Dex: 11    Spells: 7/15 levels left

rFire    . . .     SeeInvis +   a - +1 falchion
rCold    . . .     Gourm    .   (no shield)
rNeg     . . .     Faith    .   (armour unavailable)
rPois    .         Spirit   .   (helmet restricted)
rElec    .         Reflect  +   (no cloak)
rCorr    .         Harm     .   (no gloves)
MR       .....                  (no boots)
Stlth    ++........             p - +2 amulet of reflection
HPRegen  0.22/turn              X - ring of see invisible
MPRegen  0.14/turn              (no ring)

@: infused, singing, very slightly contaminated, slowed, very slow
A: walk through water, unfitting armour, unbreathing, cold-blooded, AC +12
a: Renounce Religion


You were on level 7 of the Dungeon.
You worshipped Qazlal.
Qazlal was noncommittal.
You were hungry.

You visited 2 branches of the dungeon, and saw 8 of its levels.

You collected 431 gold pieces.

Inventory:

Hand Weapons
 a - a +1 falchion (weapon)
 c - a +0 giant club
 e - a +0 falchion
 l - a +1 hand axe of chopping
 n - a +3 flail of crushing
 s - a +0 short sword of speed
 D - a +0 trident
 G - a +0 rapier
 J - a +1 dagger of draining
 T - a +0 hunting sling
 V - a +2 flail of protection
Missiles
 h - 132 arrows
 k - 162 stones (quivered)
 C - 17 poisoned needles
 Q - 66 sling bullets
Armour
 A - a +0 large shield
 B - a cursed -2 chain mail
 L - a +0 leather armour
 M - a +0 ring mail
 O - a +0 scale mail
 S - a +0 ring mail
 U - a +0 leather armour
 W - a +0 ring mail
 Y - a +0 robe
 Z - a +0 chain mail
Jewellery
 p - a +2 amulet of reflection (around neck)
 q - a -5 ring of protection
 z - an uncursed amulet of the acrobat {unknown}
 R - an uncursed amulet of regeneration {unknown}
 X - a ring of see invisible (left hand)
Wands
 f - a wand of polymorph (13)
 y - a wand of paralysis (7)
Scrolls
 b - a scroll of random uselessness {unknown}
 j - 8 scrolls of identify
 m - a scroll of enchant armour
 o - a scroll of magic mapping
 P - 2 scrolls of immolation {unknown}
Potions
 d - a potion of mutation {unknown}
 g - 2 potions of curing
 i - a potion of cancellation
 r - a potion of magic {unknown}
 v - a potion of flight {unknown}
 w - a potion of brilliance {unknown}
 x - a potion of ambrosia {unknown}
 E - a potion of lignification {unknown}
 I - a potion of berserk rage {unknown}
 N - a potion of might {unknown}
Comestibles
 t - 5 chunks of flesh
 u - 8 rations


   Skills:
 - Level 5.0 Fighting
 + Level 4.4 Long Blades
 - Level 0.2 Throwing
 * Level 5.5 Dodging
 - Level 1.2 Stealth
 + Level 3.9 Spellcasting
 + Level 2.4 Hexes
 * Level 5.8 Charms
 + Level 3.4 Translocations


You had 7 spell levels left.
You knew the following spells:

 Your Spells              Type           Power        Failure   Level  Hunger
a - Infusion              Chrm           ###.         1%          1    None
e - Song of Slaying       Chrm           ###.....     2%          2    ##.....
r - Spectral Weapon       Hex/Chrm       ##......     11%         3    ###....
z - Shroud of Golubria    Chrm/Tloc      ###.......   4%          2    ##.....

Your spell library contained the following spells:

 Spells                   Type           Power        Failure   Level  Hunger
 Regeneration             Chrm/Necr      ##........   17%         3    ###....
 Summon Small Mammal      Summ           #...         21%         1    None
 Call Imp                 Summ           #.......     30%         2    ##.....
 Summon Guardian Golem    Hex/Summ       #.......     34%         3    ###....
 Call Canine Familiar     Summ           #.......     52%         3    ###....
 Summon Ice Beast         Ice/Summ       #.......     89%         4    ####...
 Summon Lightning Spire   Summ/Air       #.......     89%         4    ####...


Dungeon Overview and Level Annotations

Branches:
Dungeon (7/15)             Temple (1/1) D:6

Altars:
Ashenzari
Cheibriados
Dithmenos
Elyvilon
Fedhas
Gozag
Hepliaklqana
Kikubaaqudgha
Makhleb
Nemelex Xobeh
Okawaru
Qazlal
Ru
Trog
Uskayaw
Vehumet
Wu Jian
Xom
Yredelemnul
The Shining One
Beogh

Annotations:
D:7 Menkaure, Pikel


Innate Abilities, Weirdness & Mutations

You can walk through water.
Your dull iron-grey scales are very hard. (AC +12)
You cannot fit into any form of body armour.
You can survive without breathing.
You are cold-blooded and may be slowed by cold attacks.


Message History

The orc warrior closely misses you.
The orc priest invokes the aid of Beogh against you.
Beogh smites you!
You closely miss the orc warrior.
Your tail-slap misses the orc warrior.
The orc warrior is heavily wounded.
Your shroud begins to fray at the edges.
Your shroud bends the orc warrior's attack away!
The orc wizard gestures wildly while chanting.
The orc wizard seems to speed up.
The orc warrior closely misses you. The orc warrior barely misses you.
The orc priest looks encouraged for a moment.
The orc warrior hits you with a scimitar of slicing!!
* * * LOW HITPOINT WARNING * * *
Your shroud falls apart!
* * * LOW HITPOINT WARNING * * *
You hit the orc warrior.
The orc warrior is heavily wounded.
The orc warrior barely misses you.
The orc warrior hits you from afar with a halberd of venom!!
You die... ...##. .<.... ....... ...... ##.8.8. ......## ..._.o .....M.## .8)8 # .....5pK# (|? .# #pr.p##. #|# ..# ##p#l##...#####oo.# ..... #.#.# #.oooo@ooo#

##(..# ## #.#.#############
#..(.# ... #...>### #######
#..(.###. .
###.##.###.©.#.####.......
.
#...............#...##.###.
####
#..############.#.(.##.##..
.........# #.........[.#
...####.## ###...###.#..
........# #...###.##.


You could see 3 orc warriors, an orc priest, an orc wizard and 4 orcs.

Vanquished Creatures
  Edmund (D:6)
  Duvessa (D:6)
  2 ice beasts
  2 phantoms
  An ogre (D:5)
  Blork the orc (D:6)
  A bullfrog (D:7)
  A scorpion (D:4)
  Dowan (D:6)
  A water moccasin skeleton (D:7)
  3 killer bees (D:6)
  4 howler monkeys
  A crimson imp (D:5)
  A centaur zombie (D:7)
  6 orc priests
  A jelly (D:7)
  A bullfrog skeleton (D:6)
  3 orc wizards
  Jessica (D:2)
  Ijyb (D:5)
  2 worker ants
  4 gnolls
  15 adders
  A shadow imp (D:7)
  2 worms (D:2)
  An adder skeleton (D:6)
  2 dart slugs (D:1)
  5 leopard geckos
  22 orcs
  12 giant cockroaches
  4 hobgoblins
  9 jackals
  5 quokkas
  3 ball pythons
  A ball python skeleton (D:2)
  6 bats
  5 frilled lizards
  4 goblins
  A jackal skeleton (D:6)
  7 kobolds
  8 rats
153 creatures vanquished.

Vanquished Creatures (others)
  5 spectral weapons
5 creatures vanquished.

Grand Total: 158 creatures vanquished

Notes
Turn   | Place    | Note
-------+----------+-------------------------------------------
     0 | D:1      | amgonnakillyou the Draconian Skald began the quest for the
                  | Orb.
     0 | D:1      | Reached XP level 1. HP: 17/17 MP: 3/3
   273 | D:1      | Reached XP level 2. HP: 22/24 MP: 1/5
   852 | D:1      | Found a radiant altar of Vehumet.
   854 | D:1      | Found an ornate altar of the Wu Jian Council.
   854 | D:1      | Found a bloodstained altar of Trog.
   856 | D:1      | Found a shimmering altar of Xom.
   856 | D:1      | Found an ornate altar of the Wu Jian Council.
   856 | D:1      | Found a white marble altar of Elyvilon.
  1111 | D:2      | Noticed Jessica
  1115 | D:2      | Killed Jessica
  1115 | D:2      | Reached XP level 3. HP: 30/30 MP: 2/6
  1123 | D:2      | Learned a level 2 spell: Shroud of Golubria
  1298 | D:2      | Reached skill level 1 in Stealth
  1320 | D:2      | Reached XP level 4. HP: 28/37 MP: 0/7
  1517 | D:2      | Found a shadowy altar of Dithmenos.
  2242 | D:3      | Reached XP level 5. HP: 43/45 MP: 2/8
  2246 | D:3      | Learned a level 2 spell: Song of Slaying
  2366 | D:3      | Found a basalt altar of Yredelemnul.
  3114 | D:3      | Reached XP level 6. HP: 13/51 MP: 2/9
  3344 | D:4      | Reached skill level 1 in Translocations
  3408 | D:3      | HP: 1/52 [phantom (6)]
  3439 | D:3      | HP: 2/52 [phantom (5)]
  4322 | D:4      | Your scales start taking on a dull iron-grey colour.
  4322 | D:4      | Reached XP level 7. HP: 37/59 MP: 8/11
  4322 | D:4      | Gained mutation: You can survive without breathing. [Grey
                  | Draconian growth]
  4529 | D:4      | Learned a level 3 spell: Spectral Weapon
  4945 | D:5      | Entered Level 5 of the Dungeon
  5047 | D:5      | Noticed Ijyb
  5053 | D:5      | Paralysed by Ijyb for 3 turns
  5060 | D:5      | Paralysed by Ijyb for 2 turns
  5065 | D:5      | Killed Ijyb
  5836 | D:6      | Found a shattered altar of Ashenzari.
  5851 | D:6      | Found a snail-covered altar of Cheibriados.
  5887 | D:6      | Noticed Blork the orc
  5922 | D:6      | Killed Blork the orc
  5922 | D:6      | Reached skill level 1 in Hexes
  5982 | D:5      | HP: 3/60 [ice beast (14)]
  5985 | D:5      | Reached skill level 5 in Fighting
  5985 | D:5      | Reached XP level 8. HP: 4/68 MP: 1/12
  6416 | D:6      | Reached skill level 5 in Charms
  6863 | D:6      | Noticed Duvessa
  6863 | D:6      | Noticed Dowan
  6878 | D:6      | Killed Dowan
  6885 | D:6      | Killed Duvessa
  6885 | D:6      | Reached skill level 5 in Dodging
  7056 | D:6      | Noticed Edmund
  7079 | D:6      | Killed Edmund
  7241 | D:6      | Found a staircase to the Ecumenical Temple.
  7372 | Temple   | Entered the Ecumenical Temple
  7989 | Temple   | Became a worshipper of Qazlal Stormbringer
  8195 | D:7      | Found a transporter.
  8222 | D:7      | Noticed Pikel
  8226 | D:7      | Noticed Menkaure
  8235 | D:7      | Reached XP level 9. HP: 33/74 MP: 0/14
  8238 | D:7      | HP: 3/74 [Pikel/whip of freezing (1)]
  8238 | D:7      | HP: 1/74 [quokka (2)]
  8650 | D:7      | Found a roughly hewn altar of Beogh.
  8671 | D:7      | Demolished by an orc warrior

Skill      XL: |  1  2  3  4  5  6  7  8 |
---------------+-------------------------+-----
Charms         | 3 4 5 |  5.8
Stealth        | 1 |  1.2
Fighting       | 3 4 5 |  5.0
Dodging        | 3 4 5 |  5.5
Translocations | 1 2 3 |  3.4
Long Blades    | 3 4 |  4.4
Spellcasting   | 3 |  3.9
Hexes          | 1 2 |  2.4
Throwing       | |  0.2

Action                   |  1- 3 |  4- 6 |  7- 9 || total
-------------------------+-------+-------+-------++-------
Melee: Falchion          |    51 |   251 |   261 ||   563
       Tailslap          |     7 |    27 |    39 ||    73
Throw: Stone             |       |   134 |    71 ||   205
 Cast: Infusion          |     7 |    33 |    29 ||    69
       Shroud of Golubri |       |    23 |    22 ||    45
       Song of Slaying   |       |     1 |    10 ||    11
       Spectral Weapon   |       |       |    13 ||    13
  Use: Scroll            |     5 |     2 |     4 ||    11
       Potion            |       |     1 |     3 ||     4
 Stab: Sleeping          |       |     1 |       ||     1
       Distracted        |       |       |     3 ||     3
  Eat: Ration            |     1 |     2 |     3 ||     6
       Chunk             |       |     4 |     7 ||    11
Armor: Skin              |    16 |    60 |   127 ||   203
Dodge: Dodged            |    43 |   187 |   248 ||   478
Block: Other             |       |       |    25 ||    25
       Rpst.: Falchion   |    15 |    52 |    66 ||   133
